| TOP OF THE 1ST |
|
Aberdeen Ironbirds batting - Pitching for Oneonta Indians : LHP Steve K Davis
|
|
Pitching: LHP Steve K Davis
|
|
|
Batting: RHB Craig Kornfeld
|
0-0: Ball 1-0: Fly out, F7 (Flyball, 78XD, EV 96.9 MPH)
|
|
Batting: RHB Arturo Leija
|
0-0: SINGLE (Popup, 56D, EV 65.6 MPH)
|
|
Batting: SHB Nelson Simmons
|
0-0: Ball 1-0: Swinging Strike 1-1: Foul Ball, location: 2F 1-2: Strikes out swinging
|
|
Batting: RHB Victor Trujillo
|
0-0: Called Strike 0-1: Ball 1-1: Called Strike 1-2: Fielders Choice at 2nd, U4 (Groundball, 4M, EV 92.5 MPH)
|
| Top of the 1st over - 0 runs, 1 hit, 0 errors, 1 left on base; Aberdeen 0 - Oneonta 0 |
| BOTTOM OF THE 1ST |
|
Oneonta Indians batting - Pitching for Aberdeen Ironbirds : RHP Ruben Almendarez
|
|
Pitching: RHP Ruben Almendarez
|
|
|
Batting: RHB Mitchell Olson
|
0-0: Foul Ball, location: 2F 0-1: Ball 1-1: Ball 2-1: Ball 3-1: SINGLE (Flyball, 6MD, EV 89.4 MPH)
|
|
Batting: RHB William Luzinski
|
0-0: Ball Wild Pitch! Mitchell Olson to second 1-0: Foul Ball, location: 2F 1-1: Ball 2-1: Foul Ball, location: 2F 2-2: Foul Ball, location: 2F 2-2: Ground out 4-3 (Groundball, 4M, EV 85.0 MPH) Mitchell Olson to third
|
|
Batting: LHB Lenny Nay
|
0-0: Swinging Strike 0-1: Called Strike 0-2: Strikes out swinging
|
|
Batting: LHB Frank Martinez
|
0-0: Called Strike 0-1: Foul Ball, location: 2F 0-2: Foul Ball, location: 2F 0-2: SINGLE (Line Drive, 4D, EV 100.0 MPH) Mitchell Olson scores
|
|
Batting: RHB Marcos Rodriguez
|
Pickoff Throw to First - Out! 1-3
|
| Bottom of the 1st over - 1 run, 2 hits, 0 errors, 0 left on base; Aberdeen 0 - Oneonta 1 |
| TOP OF THE 2ND |
|
Aberdeen Ironbirds batting - Pitching for Oneonta Indians : LHP Steve K Davis
|
|
Batting: LHB Keith Street
|
0-0: Ball 1-0: Ball 2-0: Ground out 5-3 (Groundball, 56, EV 87.5 MPH)
|
|
Batting: RHB Harry Francis
|
0-0: Called Strike 0-1: Ball 1-1: Swinging Strike 1-2: Strikes out swinging
|
|
Batting: LHB Alan Cartwright
|
0-0: Called Strike 0-1: Swinging Strike 0-2: Strikes out looking
|
| Top of the 2nd over - 0 runs, 0 hits, 0 errors, 0 left on base; Aberdeen 0 - Oneonta 1 |
| BOTTOM OF THE 2ND |
|
Oneonta Indians batting - Pitching for Aberdeen Ironbirds : RHP Ruben Almendarez
|
|
Batting: RHB Marcos Rodriguez
|
0-0: Ball 1-0: Swinging Strike 1-1: Called Strike 1-2: Foul Ball, location: 2F 1-2: Foul Ball, location: 2F 1-2: Strikes out swinging
|
|
Batting: LHB Harry Jones
|
0-0: Called Strike 0-1: Ball 1-1: SINGLE (Line Drive, 56D, EV 100.0 MPH)
|
|
Batting: RHB Richard James
|
0-0: Swinging Strike Harry Jones steals 2nd base 0-1: Swinging Strike 0-2: Ball 1-2: Ball 2-2: Ground out 4-3 (Groundball, 34, EV 85.6 MPH) Harry Jones to third
|
|
Batting: LHB Chris Forgione
|
0-0: Ball 1-0: Foul Ball, location: 2F 1-1: Called Strike 1-2: Ball 2-2: Strikes out swinging
|
| Bottom of the 2nd over - 0 runs, 1 hit, 0 errors, 1 left on base; Aberdeen 0 - Oneonta 1 |
| TOP OF THE 3RD |
|
Aberdeen Ironbirds batting - Pitching for Oneonta Indians : LHP Steve K Davis
|
|
Batting: RHB Ric Wilson
|
0-0: Called Strike 0-1: Ball 1-1: Swinging Strike 1-2: Strikes out swinging
|
|
Batting: SHB Kurt Stillwell
|
0-0: Ball 1-0: Foul Ball, location: 2F 1-1: Foul Ball, location: 2F 1-2: Foul Ball, location: 2F 1-2: Ball 2-2: Foul Ball, location: 2F 2-2: Ball 3-2: Foul Ball, location: 2F 3-2: Base on Balls
|
|
Batting: RHB Craig Kornfeld
|
0-0: Called Strike 0-1: Foul Ball, location: 2F 0-2: Ball 1-2: Foul Ball, location: 2F 1-2: Ball 2-2: Ball 3-2: Base on Balls Kurt Stillwell to second
|
|
Batting: RHB Arturo Leija
|
0-0: Called Strike 0-1: TRIPLE (Groundball, 3L, EV 110.6 MPH) Kurt Stillwell scores Craig Kornfeld scores
|
|
Batting: SHB Nelson Simmons
|
0-0: Fly out, F7 (Line Drive, 7D, EV 90.6 MPH) Runner from 3rd tags up, SCORES, throw by LF
|
|
Batting: RHB Victor Trujillo
|
0-0: Called Strike 0-1: Ball 1-1: Swinging Strike 1-2: Strikes out looking
|
| Top of the 3rd over - 3 runs, 1 hit, 0 errors, 0 left on base; Aberdeen 3 - Oneonta 1 |
| BOTTOM OF THE 3RD |
|
Oneonta Indians batting - Pitching for Aberdeen Ironbirds : RHP Ruben Almendarez
|
|
Batting: RHB Alberto Zappala
|
0-0: Called Strike 0-1: SINGLE (Line Drive, 34D, EV 96.9 MPH)
|
|
Batting: RHB Mitchell Olson
|
0-0: Grounds into double play, 4-6-3 (Groundball, 4M, EV 101.3 MPH)
|
|
Batting: RHB William Luzinski
|
0-0: Ball 1-0: Foul Ball, location: 2F 1-1: Foul Ball, location: 2F 1-2: Ball 2-2: Foul Ball, location: 2F 2-2: Foul Ball, location: 2F 2-2: Fly out, F4 (Popup, 34D, EV 53.1 MPH)
|
| Bottom of the 3rd over - 0 runs, 1 hit, 0 errors, 0 left on base; Aberdeen 3 - Oneonta 1 |
| TOP OF THE 4TH |
|
Aberdeen Ironbirds batting - Pitching for Oneonta Indians : LHP Steve K Davis
|
|
Batting: LHB Keith Street
|
0-0: Foul Ball, location: 2F 0-1: Called Strike 0-2: Ball 1-2: Strikes out swinging
|
|
Batting: RHB Harry Francis
|
0-0: Ball 1-0: Foul Ball, location: 2F 1-1: Ball 2-1: Fly out, F9 (Flyball, 9D, EV 101.3 MPH)
|
|
Batting: LHB Alan Cartwright
|
0-0: Ball 1-0: SINGLE (Groundball, 4MD, EV 105.0 MPH)
|
|
Batting: RHB Ric Wilson
|
0-0: Ball 1-0: Ball Alan Cartwright is caught stealing 2nd base 2-4
|
| Top of the 4th over - 0 runs, 1 hit, 0 errors, 0 left on base; Aberdeen 3 - Oneonta 1 |
| BOTTOM OF THE 4TH |
|
Oneonta Indians batting - Pitching for Aberdeen Ironbirds : RHP Ruben Almendarez
|
|
Batting: LHB Lenny Nay
|
0-0: Ball 1-0: Swinging Strike 1-1: TRIPLE (Line Drive, 78XD, EV 100.6 MPH)
|
|
Batting: LHB Frank Martinez
|
0-0: Swinging Strike 0-1: Ball 1-1: Ball 2-1: Foul Ball, location: 2F 2-2: Ball 3-2: Base on Balls
|
|
Batting: RHB Marcos Rodriguez
|
0-0: Fly out, F2 (Popup, 23F, EV 83.8 MPH)
|
|
Batting: LHB Harry Jones
|
0-0: Called Strike 0-1: Fly out, F7 (Flyball, 7S, EV 86.9 MPH)
|
|
Batting: RHB Richard James
|
0-0: SINGLE (Line Drive, 5D, EV 106.9 MPH) Lenny Nay scores Frank Martinez to second
|
|
Batting: LHB Chris Forgione
|
0-0: Ball 1-0: Fielders Choice at 2nd, 6-4 (Groundball, 6, EV 91.9 MPH)
|
| Bottom of the 4th over - 1 run, 2 hits, 0 errors, 2 left on base; Aberdeen 3 - Oneonta 2 |
| TOP OF THE 5TH |
|
Aberdeen Ironbirds batting - Pitching for Oneonta Indians : LHP Steve K Davis
|
|
Batting: RHB Ric Wilson
|
0-0: Foul Ball, location: 2F 0-1: Ball 1-1: Swinging Strike 1-2: Ball 2-2: Ground out 6-3 (Groundball, 6, EV 105.0 MPH)
|
|
Batting: SHB Kurt Stillwell
|
0-0: Ball 1-0: Ball 2-0: Ball 3-0: Base on Balls
|
|
Batting: RHB Craig Kornfeld
|
0-0: Ball 1-0: Foul Ball, location: 2F 1-1: Ball 2-1: Ball 3-1: Called Strike 3-2: Fielders Choice at 2nd, 3-6 (Groundball, 34, EV 92.5 MPH)
|
|
Batting: RHB Arturo Leija
|
0-0: Ball 1-0: Ball 2-0: Foul Ball, location: 2F 2-1: Swinging Strike 2-2: SINGLE (Groundball, 6S, EV 98.8 MPH) Craig Kornfeld to second
|
|
Batting: SHB Nelson Simmons
|
0-0: Foul Ball, location: 2F 0-1: Fly out, F8 (Flyball, 8RM, EV 82.5 MPH)
|
| Top of the 5th over - 0 runs, 1 hit, 0 errors, 2 left on base; Aberdeen 3 - Oneonta 2 |
| BOTTOM OF THE 5TH |
|
Oneonta Indians batting - Pitching for Aberdeen Ironbirds : RHP Ruben Almendarez
|
|
Batting: RHB Alberto Zappala
|
0-0: Foul Ball, location: 2F 0-1: Bunted foul 0-2: Ball 1-2: Ball 2-2: Ball 3-2: Foul Ball, location: 2F 3-2: SINGLE (Popup, 56S, EV 48.8 MPH)
|
|
Batting: RHB Mitchell Olson
|
0-0: Called Strike 0-1: Fly out, F7 (Flyball, 7LS, EV 73.1 MPH)
|
|
Batting: RHB William Luzinski
|
0-0: Swinging Strike 0-1: Swinging Strike 0-2: Strikes out swinging
|
|
Batting: LHB Lenny Nay
|
0-0: Called Strike 0-1: Called Strike 0-2: Ball 1-2: Fly out, F9 (Flyball, 89S, EV 90.6 MPH)
|
| Bottom of the 5th over - 0 runs, 1 hit, 0 errors, 1 left on base; Aberdeen 3 - Oneonta 2 |
| TOP OF THE 6TH |
|
Aberdeen Ironbirds batting - Pitching for Oneonta Indians : LHP Steve K Davis
|
|
Batting: RHB Victor Trujillo
|
0-0: Ground out 4-3 (Groundball, 4, EV 110.0 MPH)
|
|
Batting: LHB Keith Street
|
0-0: Called Strike 0-1: Swinging Strike 0-2: Ball 1-2: Strikes out swinging
|
|
Batting: RHB Harry Francis
|
0-0: Foul Ball, location: 2F 0-1: Foul Ball, location: 2F 0-2: Ground out 5-3 (Groundball, 56, EV 85.6 MPH)
|
| Top of the 6th over - 0 runs, 0 hits, 0 errors, 0 left on base; Aberdeen 3 - Oneonta 2 |
| BOTTOM OF THE 6TH |
|
Oneonta Indians batting - Pitching for Aberdeen Ironbirds : RHP Ruben Almendarez
|
|
Batting: LHB Frank Martinez
|
0-0: Fly out, F8 (Flyball, 8LD, EV 101.9 MPH)
|
|
Batting: RHB Marcos Rodriguez
|
0-0: Foul Ball, location: 2F 0-1: Ball 1-1: Foul Ball, location: 2F 1-2: Foul Ball, location: 2F 1-2: Strikes out swinging
|
|
Batting: LHB Harry Jones
|
0-0: Ball 1-0: Fly out, F9 (Flyball, 9S, EV 86.9 MPH)
|
| Bottom of the 6th over - 0 runs, 0 hits, 0 errors, 0 left on base; Aberdeen 3 - Oneonta 2 |
| TOP OF THE 7TH |
|
Aberdeen Ironbirds batting - Pitching for Oneonta Indians : LHP Steve K Davis
|
|
Batting: LHB Alan Cartwright
|
0-0: Fly out, F9 (Line Drive, 9D, EV 91.9 MPH)
|
|
Batting: RHB Ric Wilson
|
0-0: Fly out, F4 (Popup, 4, EV 50.6 MPH)
|
|
Batting: SHB Kurt Stillwell
|
0-0: Ball 1-0: Foul Ball, location: 2F 1-1: Fly out, F8 (Line Drive, 8LM, EV 91.3 MPH)
|
| Top of the 7th over - 0 runs, 0 hits, 0 errors, 0 left on base; Aberdeen 3 - Oneonta 2 |
| BOTTOM OF THE 7TH |
|
Oneonta Indians batting - Pitching for Aberdeen Ironbirds : RHP Ruben Almendarez
|
|
Batting: RHB Richard James
|
0-0: Called Strike 0-1: Swinging Strike 0-2: Foul Ball, location: 2F 0-2: Ball 1-2: Ball 2-2: Ground out 6-3 (Groundball, 6, EV 104.4 MPH)
|
|
Batting: LHB Chris Forgione
|
0-0: Ball 1-0: Fly out, F7 (Flyball, 78M, EV 73.8 MPH)
|
|
Batting: RHB Alberto Zappala
|
0-0: Called Strike 0-1: Foul Ball, location: 2F 0-2: Reached on error, E6 (Groundball, 6, EV 91.3 MPH)
|
|
Pinch Hitting: LHB Steve Swinney
|
0-0: Foul Ball, location: 2F 0-1: Fly out, F7 (Flyball, 7, EV 87.5 MPH)
|
| Bottom of the 7th over - 0 runs, 0 hits, 1 error, 1 left on base; Aberdeen 3 - Oneonta 2 |
| TOP OF THE 8TH |
|
Aberdeen Ironbirds batting - Pitching for Oneonta Indians : LHP Steve K Davis
|
|
Now at 3B: Edward Connors
|
|
|
Batting: RHB Craig Kornfeld
|
0-0: Called Strike 0-1: Called Strike 0-2: Ball 1-2: Ball 2-2: Ball 3-2: Base on Balls
|
|
Batting: RHB Arturo Leija
|
0-0: Fly out, F3 (Popup, 3, EV 60.6 MPH)
|
|
Batting: SHB Nelson Simmons
|
0-0: Ball 1-0: Ball 2-0: Foul Ball, location: 2F 2-1: Ball 3-1: Base on Balls Craig Kornfeld to second
|
|
Batting: RHB Victor Trujillo
|
0-0: Ball Nelson Simmons steals 2nd base Craig Kornfeld steals 3rd base 1-0: Intentional Walk
|
|
Batting: LHB Keith Street
|
0-0: Foul Ball, location: 2F 0-1: SINGLE (Line Drive, 89S, EV 103.8 MPH) Craig Kornfeld scores Nelson Simmons to third Victor Trujillo to second Runner from 3rd tries for Home, SAFE, throw by RF to home
|
|
Pitching: LHP Mike Dalton
|
|
|
Batting: RHB Harry Francis
|
0-0: Ball 1-0: Ball 2-0: Called Strike 2-1: DOUBLE (Line Drive, 3D, EV 100.0 MPH) Victor Trujillo scores Keith Street to third Runner from 3rd tries for Home, SAFE, no throw by RF
|
|
Batting: LHB Alan Cartwright
|
0-0: Called Strike 0-1: Ball 1-1: Swinging Strike 1-2: Ball 2-2: Ground out 4-3 (Groundball, 4M, EV 99.4 MPH) Harry Francis to third
|
|
Batting: RHB Ric Wilson
|
0-0: Called Strike 0-1: Called Strike 0-2: Ball Wild Pitch! Harry Francis scores 1-2: Foul Ball, location: 2F 1-2: Ball 2-2: Ball 3-2: Base on Balls
|
|
Batting: SHB Kurt Stillwell
|
0-0: Ball 1-0: Called Strike 1-1: Foul Ball, location: 2F 1-2: Ball 2-2: Ball 3-2: Ground out 6-3 (Groundball, 6, EV 82.5 MPH)
|
| Top of the 8th over - 5 runs, 2 hits, 0 errors, 1 left on base; Aberdeen 8 - Oneonta 2 |
| BOTTOM OF THE 8TH |
|
Oneonta Indians batting - Pitching for Aberdeen Ironbirds : RHP Ruben Almendarez
|
|
Batting: RHB William Luzinski
|
0-0: Called Strike 0-1: Ball 1-1: Foul Ball, location: 2F 1-2: Ball 2-2: Strikes out swinging, 2-3 out at first.
|
|
Batting: LHB Lenny Nay
|
0-0: Called Strike 0-1: Swinging Strike 0-2: Strikes out swinging
|
|
Batting: LHB Frank Martinez
|
0-0: Ball 1-0: Called Strike 1-1: Ground out 6-3 (Groundball, 6, EV 101.3 MPH)
|
| Bottom of the 8th over - 0 runs, 0 hits, 0 errors, 0 left on base; Aberdeen 8 - Oneonta 2 |
| TOP OF THE 9TH |
|
Aberdeen Ironbirds batting - Pitching for Oneonta Indians : LHP Mike Dalton
|
|
Pitching: LHP Dave Wyatt
|
|
|
Batting: RHB Craig Kornfeld
|
0-0: Ball 1-0: Ball 2-0: Ball 3-0: Called Strike 3-1: Ground out 6-3 (Groundball, 56, EV 80.6 MPH)
|
|
Pitching: LHP Rick Goodin
|
|
|
Batting: RHB Arturo Leija
|
0-0: Swinging Strike 0-1: Foul Ball, location: 2F 0-2: Reached on error, E6 (Groundball, 6, EV 75.6 MPH)
|
|
Batting: SHB Nelson Simmons
|
0-0: Called Strike 0-1: Foul Ball, location: 2F 0-2: Ball 1-2: Foul Ball, location: 2F 1-2: Ball 2-2: Ball 3-2: SINGLE (Line Drive, 7S, EV 93.8 MPH) Arturo Leija to second Arturo Leija to third
|
|
Batting: RHB Victor Trujillo
|
0-0: Ball 1-0: Swinging Strike 1-1: Fly out, F8 (Flyball, 8LXD, EV 86.9 MPH) Runner from 3rd tags up, SCORES, no throw by CF
|
|
Batting: LHB Keith Street
|
0-0: Ground out U3 (Groundball, 3, EV 78.1 MPH)
|
| Top of the 9th over - 1 run, 1 hit, 1 error, 1 left on base; Aberdeen 9 - Oneonta 2 |
| BOTTOM OF THE 9TH |
|
Oneonta Indians batting - Pitching for Aberdeen Ironbirds : RHP Ruben Almendarez
|
|
Batting: RHB Marcos Rodriguez
|
0-0: Ball 1-0: Foul Ball, location: 2F 1-1: Swinging Strike 1-2: Foul Ball, location: 2F 1-2: Ball 2-2: Foul Ball, location: 2F 2-2: Strikes out looking
|
|
Batting: LHB Harry Jones
|
0-0: Called Strike 0-1: Foul Ball, location: 2F 0-2: Strikes out swinging
|
|
Batting: RHB Richard James
|
0-0: Hit by Pitch
|
|
Batting: LHB Chris Forgione
|
Pickoff Throw to First - Out! 1-3
|
| Bottom of the 9th over - 0 runs, 0 hits, 0 errors, 0 left on base; Aberdeen 9 - Oneonta 2 |
|